 Dungeon Crawl Stone Soup version 0.31-a0-940-gdaa99269f9 (webtiles) character file.

Game seed: 4839063448678565967

660 kae the Cleaver (level 7, -2/50 (57) HPs)
             Began as a Hill Orc Fighter on Oct 20, 2023.
             Slain by a wight
             ... wielding a +4 dire flail
              (10 damage)
             ... on level 6 of the Dungeon.
             The game lasted 00:03:27 (4308 turns).

kae the Cleaver (Hill Orc Fighter)                  Turns: 4308, Time: 00:03:28

HP:   -2/50 (57)    AC:  9    Str: 21    XL:     7   Next: 56%
MP:   7/7           EV:  9    Int:  8    God:
Gold: 352           SH:  9    Dex: 10    Spells: 6/6 levels left

rFire   . . .        a - +1 war axe
rCold   . . .        c - +0 buckler
rNeg    . . .        b - +0 scale mail
rPois   +            (no helmet)
rElec   .            r - +1 cloak
rCorr   .            (no gloves)
SInv    .            (no boots)
Will    +....        j - amulet of reflection Stlth
                     n - ring of willpower
HPRegen 0.28/turn    P - ring of poison resistance
MPRegen 0.10/turn

%: reflection
@: mighty, heavily drained
A: no striking features
a: no special abilities


You were on level 6 of the Dungeon.
You visited 1 branch of the dungeon, and saw 6 of its levels.

You collected 352 gold pieces.


   Skills:
 - Level 3.6 Fighting
 + Level 10.8 Axes
 - Level 3.2 Armour
 - Level 3.2 Shields


You had 6 spell levels left.
You didn't know any spells.
Your spell library contained the following spells:

 Spells                   Type           Power      Damage    Failure   Level
 Lesser Beckoning         Tloc           0%         N/A       91%         2
 Gell's Gravitas          Tloc           0%         N/A       99%         3
 Inner Flame              Hex/Fire       0%         N/A       99%         3
 Teleport Other           Tloc           0%         N/A       99%         3
 Flame Wave               Conj/Fire      0%         2d4       100%        4
 Sticky Flame             Conj/Fire      0%         2d3       100%        4
 Lehudib's Crystal Spear  Conj/Erth      0%         10d2      100%        8

Inventory:

Hand Weapons
 a - a +1 war axe (weapon)
Missiles
 f - 15 poisoned darts
 g - 71 stones
 s - 4 javelins
Armour
 b - a +0 scale mail (worn)
 c - a +0 buckler (worn)
 r - a +1 cloak (worn)
   (You found it on level 2 of the Dungeon)
Magical Staves
 h - a staff of air {!a}
   (You found it on level 1 of the Dungeon)
 B - a staff of cold {!a}
   (You found it on level 5 of the Dungeon)
Jewellery
 j - an amulet of reflection (around neck)
   (You found it on level 1 of the Dungeon)
 n - a ring of willpower (left hand)
   (You found it on level 2 of the Dungeon)
 A - an amulet of the acrobat
   (You found it on level 2 of the Dungeon)
 F - a ring of fire
   (You found it on level 4 of the Dungeon)
 P - a ring of poison resistance (right hand)
   (You found it on level 5 of the Dungeon)
Scrolls
 l - a scroll of noise {!r}
 u - a scroll of fog
 w - a scroll of identify {@r1}
 z - a scroll of enchant weapon
Potions
 e - 2 potions of curing {unknown}
 i - 2 potions of lignification {unknown}
 k - 2 potions of invisibility {unknown}
 m - 2 potions of magic {unknown}
 o - a potion of attraction {!q}
 p - 2 potions of heal wounds {unknown}
 q - 2 potions of haste {unknown}
 t - 2 potions of enlightenment {unknown}
 v - a potion of brilliance

Dungeon Overview and Level Annotations

Branches:
Dungeon (6/15) Zot: 26781
 Temple: D:4-7

Altars:
Dithmenos
The Shining One

Shops:
D:3 :

Portals:
Abyss: D:6

Annotations:
D:3 1 runed translucent door, Crazy Yiuf
D:4 3 runed translucent doors, WhatIsLove's ghost, weakling DjFE
D:6 Error4North's ghost, novice GnRe

############
...........# .
...........#.# ####
...........#.########...
......................##
.....z................#.
......zzz.............#.
......z@.# +####.....#†
########.+ ++####.....#.
#......#+#..........#.
#...................#.
#....................<
#..............##.....
#..............+......
#..............##.....
.......................


You could see 5 wights.


Message History

You take 2 damage, and now have 55/57 hp.
You hit the adder.
You kill the adder!
You slash the phantom! The phantom hits you.
You hit the phantom but do no damage.
The phantom hits you but does no damage.
You slash the phantom! The phantom hits you. 😕 HP[-2]
You take 2 damage, and now have 53/57 hp.
You barely miss the phantom. You block the phantom's attack.
You slash the phantom!
You destroy the phantom! 😕 HP[+1]
You see here an adder corpse.
No target in view!
No target in view!
There is a stone staircase leading up here.
You now have 324 gold pieces (gained 9).
You now have 332 gold pieces (gained 8).
f - 15 poisoned darts (gained 5) 😎 HP[+3]
Your hp is fully restored (57).
Found a one-way gate to the infinite horrors of the Abyss.
u - a scroll of fog
w - a scroll of identify {@r1} You now have 345 gold pieces (gained 13).
A white imp comes into view.
The white imp shouts, "Take thy face hence, thou qualling elf-skinned boar-pig!"
A white imp is nearby!
A white imp is nearby!
A white imp is nearby!
A white imp is nearby!
The white imp hits you. The white imp freezes you.
You closely miss the white imp.
The white imp completely misses you. 😕 HP[-5]
You take 5 damage, and now have 52/57 hp.
A white imp is nearby!
You closely miss the white imp. The white imp gestures at you.
The puff of frost hits you.
You slash the white imp!
You kill the white imp! 😕 HP[-2]
You take 2 damage, and now have 50/57 hp.
You now have 352 gold pieces (gained 7).
A wight comes into view. It is wielding a +0 scimitar.
The wight moves out of view. 😎 HP[+7]
Your hp is fully restored (57).
No target in view!
No target in view! 4 wights and a jelly come into view.
The jelly quivers.
The wight moves out of view.
A wight comes into view. It is wielding a +4 scimitar.
The wight hits you but does no damage.
There are monsters nearby!
You barely miss the wight. The wight hits you with a +0 scimitar.
The wight hits you from afar with a +0 spear.
You slash the jelly!
Your hands burn!
You hit the wight but do no damage. You slash the wight! The wight misses you.
The jelly closely misses you.
The wight hits you with a +4 dire flail.
You feel drained.
The wight hits you but does no damage. 😮 HP[-17]
You now have 56 max hp (-1).
You take 17 damage, and now have 40/56 hp.
MASSIVE DAMAGE!! (PAUSE)
You feel very mighty all of a sudden.
The wight hits you with a +4 dire flail.
You feel drained. The jelly hits you but does no damage.
The wight hits you from afar with a +0 spear. 😮 HP[-3]
You now have 55 max hp (-1).
You take 3 damage, and now have 37/55 hp.
You are too injured to fight recklessly!
You are too injured to fight recklessly!
You are too injured to fight recklessly!
You are too injured to fight recklessly!
You are too injured to fight recklessly!
You are too injured to fight recklessly!
Unknown command.
You slash the jelly!
You kill the jelly!
You closely miss the wight. You hit the wight. You completely miss the wight.
The wight hits you with a +0 scimitar.
You feel drained.
The wight hits you with a +4 dire flail!
* * * LOW HITPOINT WARNING * * *
You feel drained.
* * * LOW HITPOINT WARNING * * *
The wight hits you with a +4 scimitar!
* * * LOW HITPOINT WARNING * * *
You feel drained.
* * * LOW HITPOINT WARNING * * *
You block the wight's attack.
You hit the wight. x4; You block the wight's attack.
The wight hits you with a +4 dire flail!
You die...

Skill      XL: |  1  2  3  4  5  6  7 |
---------------+----------------------+-----
Axes           | 3 4 5 6 8 9 10 | 10.8
Fighting       | |  3.6
Armour         | |  3.2
Shields        | |  3.2

Action                     |  1- 3 |  4- 6 |  7- 9 || total
---------------------------+-------+-------+-------++-------
  Melee: War axe           |   127 |   142 |    26 ||   295
    Use: Scroll            |     2 |     3 |     5 ||    10
         Potion            |       |       |     1 ||     1
 Armour: Scale mail        |    84 |    82 |    22 ||   188
  Dodge: Dodged            |    53 |    39 |     6 ||    98
  Block: Buckler           |    53 |    58 |     6 ||   117
         Reflection        |     3 |     2 |       ||     5

Levels and vault maps discovered:
D:1:      nicolae_arrival_washed_ashore, layout_rooms,
          chequers_ecumenical_altar_simple
D:2:      layout_basic
D:3:      layout_loops_corners, mainiacjoe_overflow_surrounded_room,
          nicolae_tso_carved_into_rock, serial_shops, shop, grunt_decor_cap,
          minmay_shallow_snake_nest, uniq_crazy_yiuf_cottage
D:4:      layout_basic, gammafunk_ghost_icy
D:5:      kennysheep_slugbush, layout_basic
D:6:      layout_basic, lemuel_crystal_altar, gammafunk_ghost_abyssal_escape,
          serial_shops, nicolae_shop_behind_doors, nicolae_elevator_lobby_plus

Notes
Turn   | Place    | Note
-------+----------+-------------------------------------------
     0 | D:1      | kae the Hill Orc Fighter began the quest for the Orb.
     0 | D:1      | Reached XP level 1. HP: 19/19 MP: 1/1
     0 | D:1      | magus.rc [v1.11.3]
    74 | D:1      | Reached skill level 3 in Axes
   160 | D:1      | Reached XP level 2. HP: 22/26 MP: 2/2
   190 | D:1      | Reached skill level 4 in Axes
   371 | D:1      | Reached XP level 3. HP: 31/31 MP: 3/3
   371 | D:1      | Found a faded altar of an unknown god.
   657 | D:2      | Reached skill level 5 in Axes
   752 | D:2      | You pick up a book of Displacement and begin reading...
   752 | D:2      | You add the spells Lesser Beckoning, Gell's Gravitas and
                  | Teleport Other to your library.
  1035 | D:2      | You pick up a book of Flames and begin reading...
  1035 | D:2      | You add the spells Inner Flame, Sticky Flame and Flame Wave
                  | to your library.
  1495 | D:3      | Identified the of Fadonn
  1521 | D:3      | Reached XP level 4. HP: 34/39 MP: 4/4
  1723 | D:3      | Reached skill level 6 in Axes
  1749 | D:3      | Found a glowing golden altar of the Shining One.
  1804 | D:3      | Found a shadowy altar of Dithmenos.
  1821 | D:3      | Found Imaf's Book Emporium.
  1963 | D:3      | Found a runed translucent door.
  1964 | D:3      | Noticed Crazy Yiuf
  2321 | D:3      | Reached XP level 5. HP: 37/45 MP: 5/5
  2673 | D:4      | Reached skill level 7 in Axes
  3025 | D:4      | Found a runed translucent gate.
  3025 | D:4      | Found a runed translucent gate.
  3025 | D:4      | Found a runed translucent gate.
  3079 | D:4      | Identified the +5 battleaxe of the Shallot {heavy, rN+
                  | Str-2 SInv}
  3114 | D:4      | Noticed WhatIsLove's ghost (weakling DjFE)
  3114 | D:4      | Noticed an ice beast
  3373 | D:5      | Entered Level 5 of the Dungeon
  3381 | D:4      | magus.rc [v1.11.3]
  3458 | D:5      | Reached skill level 8 in Axes
  3458 | D:5      | Reached XP level 6. HP: 43/51 MP: 6/6
  3715 | D:5      | Reached skill level 9 in Axes
  3792 | D:5      | Reached XP level 7. HP: 57/57 MP: 7/7
  3804 | D:5      | Reached skill level 10 in Axes
  4147 | D:6      | Found a one-way gate to the infinite horrors of the Abyss.
  4147 | D:6      | Noticed Error4North's ghost (novice GnRe)
  4307 | D:6      | HP: 8/51 [wight/+4 scimitar (7)]
  4308 | D:6      | Slain by a wight

Vanquished Creatures
  2 ogres (D:5)
  A phantom (D:6)
  A scorpion (D:5)
  A hound (D:5)
  A jelly (D:6)
  An orc priest (D:5)
  2 iguanas (D:5)
  14 adders
  A white imp (D:6)
  A worm (D:3)
  6 dart slugs
  4 orcs
  7 endoplasms
  4 giant cockroaches
  4 goblins
  6 hobgoblins
  3 quokkas
  13 ball pythons
  3 bats
  4 frilled lizards (D:2)
  9 kobolds
  5 rats
93 creatures vanquished.

Table legend:
 A = Non-vault XP
 B = Vault XP
 C = Vault XP percentage of total XP
 D = Non-vault monster count
 E = Vault monster count
 F = Vault count percentage of total count
                 A         B        C        D         E       F
            +---------+---------+-------+---------+---------+-------
      Total |     906 |      37 |   3.9 |      83 |      10 |  10.8
            +---------+---------+-------+---------+---------+-------
        D:1 |      38 |       0 |   0.0 |      22 |       0 |   0.0
        D:2 |      40 |       0 |   0.0 |      19 |       0 |   0.0
        D:3 |      89 |      21 |  19.1 |      16 |       6 |  27.3
        D:4 |      52 |       0 |   0.0 |       9 |       0 |   0.0
        D:5 |     520 |      16 |   3.0 |      13 |       4 |  23.5
        D:6 |     167 |       0 |   0.0 |       4 |       0 |   0.0
            +---------+---------+-------+---------+---------+-------

Skill      XL: |  1  2  3  4  5  6  7 |
---------------+----------------------+-----
Axes           | 3 4 5 6 8 9 10 | 10.8
Fighting       | |  3.6
Armour         | |  3.2
Shields        | |  3.2

Action                     |  1- 3 |  4- 6 |  7- 9 || total
---------------------------+-------+-------+-------++-------
  Melee: War axe           |   127 |   142 |    26 ||   295
    Use: Scroll            |     2 |     3 |     5 ||    10
         Potion            |       |       |     1 ||     1
 Armour: Scale mail        |    84 |    82 |    22 ||   188
  Dodge: Dodged            |    53 |    39 |     6 ||    98
  Block: Buckler           |    53 |    58 |     6 ||   117
         Reflection        |     3 |     2 |       ||     5

Illustrated notes

Table legend:
 A = Kills in this place as a percentage of kills in the entire game.
 B = Kills by you in this place as a percentage of kills by you in the entire game.
 C = Kills by friends in this place as a percentage of kills by friends in the entire game.
 D = Other kills in this place as a percentage of other kills in the entire game.
 E = Experience gained in this place as a percentage of experience gained in the entire game.
 F = Experience gained in this place divided by the number of levels of this place that you have seen.
                   A       B       C       D       E      F
               +-------+-------+-------+-------+-------+----------------------
         Total | 100.0 | 100.0 |   N/A |   N/A | 100.0 | 157.2
       Dungeon | 100.0 | 100.0 |   N/A |   N/A | 100.0 | 157.2
               +-------+-------+-------+-------+-------+----------------------

Table legend: (Time is in decaauts)
 A = Elapsed time spent in this place.
 B = Non-inter-level travel time spent in this place.
 C = Inter-level travel time spent in this place.
 D = Time resting spent in this place.
 E = Time spent auto-exploring this place.
 F = Levels seen in this place.
 G = Mean time per level.
                   A        B        C        D        E       F      G
               +--------+--------+--------+--------+--------+-----+--------+
         Total |   4383 |   4189 |    194 |     18 |   3413 |   6 |  730.5 |
       Dungeon |   4383 |   4189 |    194 |     18 |   3413 |   6 |  730.5 |
               +--------+--------+--------+--------+--------+-----+--------+

Top non-repeatable levels by time:
     D:3: 1055 daAuts
     D:2: 935 daAuts
     D:4: 893 daAuts
     D:5: 683 daAuts
     D:1: 597 daAuts
     D:6: 217 daAuts
